Calgary Flames vs San Jose Sharks

Created - dimanche 31 mars 2019 at 19:00

Goals
1 2 3 OT1 T
Calgary Flames 0 3 0 0 3
San Jose Sharks 1 2 0 1 4
Shots
1 2 3 OT1 T
Calgary Flames 12 11 7 0 30
San Jose Sharks 4 18 9 1 32

1st period

1. San Jose Sharks , Logan Couture 31 (Clayton Keller 21, Brent Burns 33) at 9:53 (PP)

Penalties :
Joel Edmundson (CGY) for Tripping (Minor) at 1:50, Alex Chiasson (CGY) for Holding (Minor) at 8:35

2nd period

2. Calgary Flames , Adam Henrique 15 (Mark Giordano 23, Jaroslav Halak) at 2:21 (PP)
3. Calgary Flames , Michael Frolik 19 (Micheal Ferland 23, Radek Faksa 21) at 13:30
4. San Jose Sharks , Tyler Ennis 6 (Roman Polak 11, Sven Baertschi 5) at 15:28
5. San Jose Sharks , Clayton Keller 28 (Logan Couture 28) at 15:58
6. Calgary Flames , Johnny Gaudreau 32 (Sean Monahan 32) at 18:19 (PP)

Penalties :
Kevin Labanc (SJS) for Goalie Interference (Minor) at 1:16, Andre Burakovsky (SJS) for Roughing (Minor) at 18:13, Michael Frolik (CGY) for Tripping (Minor) at 19:02

3rd period

No Goal

Penalties :
Reilly Smith (CGY) for High sticking (Minor) at 4:15, Marian Gaborik (SJS) for Hooking (Minor) at 11:36

Overtime #1

7. San Jose Sharks , Drew Stafford 8 (Logan Couture 29, Mike Reilly 22) at 2:22

Penalties :
No Penalty

Goalie Stats

Jaroslav Halak (CGY), 28 saves from 32 shots - (0.875), OTL, 20-11-5, 62:22 minutes
Reto Berra (SJS), 27 saves from 30 shots - (0.900), W, 7-4-3, 62:22 minutes

Players Stats for Calgary Flames

Player Name              G  A  P  +/- PIM S  H  SB GA TA FO     MP     PP MP  PK MP  
------------------------------------------------------------------------------------
Adam Henrique            1  0  1  -2  0   4  2  0  0  1  4/8    15:28   1:44   0:00 
Adam Pelech              0  0  0   0  0   1  1  1  0  1  0/0    18:50   0:00   3:08 
Alex Chiasson            0  0  0   0  2   0  1  0  1  0  0/1    15:27   0:03   2:48 
Colin Miller             0  0  0  -1  0   0  3  0  0  0  0/0    17:54   0:59   0:24 
Danton Heinen            0  0  0  -1  0   1  1  0  0  0  0/0    12:49   0:00   0:00 
Derek Ryan               0  0  0   0  0   4  1  1  0  2  9/17   15:56   0:00   3:53 
Joel Edmundson           0  0  0   0  2   1  1  2  0  1  0/0    16:14   0:00   0:00 
Johnny Gaudreau          1  0  1   0  0   1  2  0  1  0  0/0    16:06   1:26   0:56 
Josh Anderson            0  0  0   0  0   2  1  0  0  0  1/2    13:47   1:44   0:00 
Kyle Palmieri            0  0  0  -2  0   3  3  1  0  0  1/1    15:07   1:23   0:00 
Mark Giordano            0  1  1   0  0   2  0  1  0  2  0/0    24:28   2:11   3:43 
Michael Frolik           1  0  1   0  2   5  4  0  0  0  0/0    15:11   0:00   3:15 
Michael Stone            0  0  0  -1  0   0  2  0  0  0  0/0    19:36   0:00   3:32 
Micheal Ferland          0  1  1   0  0   1  0  1  0  0  0/1    12:59   1:44   0:00 
Radek Faksa              0  1  1   0  0   1  0  0  0  0  12/18  15:54   0:00   3:38 
Reilly Smith             0  0  0   0  2   3  4  0  0  0  0/1    15:42   2:11   0:00 
Sean Monahan             0  1  1   0  0   1  0  0  0  0  10/18  15:10   1:26   0:00 
TJ Brodie                0  0  0  -1  0   0  0  3  1  0  0/0    23:09   0:59   3:43 

Players Stats for San Jose Sharks

Player Name              G  A  P  +/- PIM S  H  SB GA TA FO     MP     PP MP  PK MP  
------------------------------------------------------------------------------------
Andre Burakovsky         0  0  0  -1  2   1  0  1  1  0  0/0    13:04   3:02   0:53 
Anthony Cirelli          0  0  0   1  0   0  1  1  0  0  3/18   17:37   3:02   1:17 
Brent Burns              0  1  1   0  0   1  0  2  0  1  0/0    24:42   4:12   0:02 
Christian Dvorak         0  0  0   0  0   3  0  0  1  0  10/20  13:54   0:00   0:00 
Clayton Keller           1  1  2   1  0   8  2  1  0  0  0/4    20:31   3:54   1:32 
Drew Stafford            1  0  1   0  0   2  0  0  0  0  1/1    10:34   0:22   0:23 
Joakim Ryan              0  0  0   0  0   1  0  0  0  1  0/0    18:42   3:15   1:35 
Karl Alzner              0  0  0   1  0   2  1  3  0  1  0/0    22:59   0:00   1:33 
Kevin Labanc             0  0  0   0  2   0  5  0  0  0  0/0    13:26   0:00   0:00 
Logan Couture            1  2  3   2  0   3  2  0  1  0  9/14   19:09   3:54   0:21 
Marian Gaborik           0  0  0   1  2   3  2  0  1  0  2/2    18:35   3:02   0:37 
Mike Reilly              0  1  1   2  0   0  2  1  0  0  0/0    21:30   3:03   1:35 
Roman Polak              0  1  1   0  0   1  0  1  0  0  0/0    14:45   0:00   0:02 
Sven Baertschi           0  1  1   1  0   2  0  0  1  0  1/2    19:03   3:51   1:17 
Timo Meier               0  0  0   0  0   1  2  0  1  0  0/0    13:43   0:00   0:00 
Tommy Wingels            0  0  0  -1  0   0  3  0  0  0  4/6     8:58   0:19   0:00 
Travis Dermott           0  0  0   0  0   1  0  0  0  0  0/0    19:33   4:00   1:33 
Tyler Ennis              1  0  1   1  0   3  3  0  1  0  0/0    13:08   0:19   0:00 

3 Stars

1 - Logan Couture (SJS)
2 - Clayton Keller (SJS)
3 - Tyler Ennis (SJS)

Power Play

Calgary Flames - 2 on 3 Attempt(s) - 66.67%
San Jose Sharks - 1 on 4 Attempt(s) - 25.00%

Penalty Kill

Calgary Flames - 3 on 4 Attempt(s) - 75.00% - Score 0 goal in Penalty Kill
San Jose Sharks - 1 on 3 Attempt(s) - 33.33% - Score 0 goal in Penalty Kill

Team Stat

Calgary Flames - Hits : 26 - Faceoff Wins : 37 - Blocked Shots : 10 - Penalty Minutes : 8
San Jose Sharks - Hits : 23 - Faceoff Wins : 30 - Blocked Shots : 10 - Penalty Minutes : 6

Official

Referees : Kevin Pollock and Kelly Sutherland
Linesman : Lonnie Cameron and Scott Driscoll

Game Notes

No Game Note

Finance

Level 1 -- Attendance: 9987 (94.22%) -- Ticket Income fr. 788'973
Level 2 -- Attendance: 2108 (95.82%) -- Ticket Income fr. 134'912
Level 3 -- Attendance: 3382 (91.41%) -- Ticket Income fr. 111'606
Level 4 -- Attendance: 1450 (100.00%) -- Ticket Income fr. 29'000
Luxury Box -- Attendance: 46 (92.00%) -- Ticket Income fr. 9'246
Game was played at the SAP Center.
Total Attendance: 16973 (94.29%)
Total Ticket Income: fr. 1'073'737
Total Income: fr. 1'073'737

Calgary Flames

5 vs 5 Forward 
   Center                   Left Wing                Right Wing               Time % Phy DF OF 
 1 Sean Monahan             Johnny Gaudreau          Reilly Smith             28     0   2  3  
 2 Adam Henrique            Danton Heinen            Kyle Palmieri            24     0   3  2  
 3 Radek Faksa              Micheal Ferland          Michael Frolik           24     0   3  2  
 4 Derek Ryan               Alex Chiasson            Josh Anderson            24     0   3  2  

5 vs 5 Defense 
   Defense                  Defense                                           Time % Phy DF OF 
 1 Mark Giordano            TJ Brodie                                         35     0   3  2  
 2 Adam Pelech              Joel Edmundson                                    33     0   3  2  
 3 Colin Miller             Michael Stone                                     32     0   3  2  
 4 Mark Giordano            TJ Brodie                                         0      0   3  2  

PowerPlay Forward 
   Center                   Left Wing                Right Wing               Time % Phy DF OF 
 1 Sean Monahan             Johnny Gaudreau          Kyle Palmieri            52     0   0  5  
 2 Adam Henrique            Micheal Ferland          Josh Anderson            48     0   0  5  

PowerPlay Defense
   Defense                  Defense                                           Time % Phy DF OF 
 1 Mark Giordano            Reilly Smith                                      52     1   0  4  
 2 Colin Miller             TJ Brodie                                         48     1   0  4  

Penalty Kill 4 Players Forward 
   Center                   Wing                     Time % Phy DF OF 
 1 Radek Faksa              Michael Frolik           50     1   2  2  
 2 Derek Ryan               Michael Frolik           50     1   2  2  

Penalty Kill 4 Players Defense
   Defense                  Defense                  Time % Phy DF OF 
 1 Mark Giordano            TJ Brodie                48     1   3  1  
 2 Adam Pelech              Michael Stone            52     1   3  1  

Penalty Kill - 3 Players Forward 
   Forward                                           Time % Phy DF OF 
 1 Radek Faksa                                       50     1   2  2  
 2 Michael Frolik                                    50     1   2  2  

Penalty Kill - 3 Players Defense
   Defense                  Defense                  Time % Phy DF OF 
 1 Mark Giordano            TJ Brodie                48     1   3  1  
 2 Adam Pelech              Michael Stone            52     1   3  1  

4 vs 4 Forward 
   Center                   Wing                     Time % Phy DF OF 
 1 Sean Monahan             Johnny Gaudreau          48     0   2  3  
 2 Adam Henrique            Michael Frolik           52     0   2  3  

4 vs 4 Defense
   Defense                  Defense                  Time % Phy DF OF 
 1 Mark Giordano            TJ Brodie                48     0   3  2  
 2 Adam Pelech              Joel Edmundson           52     0   3  2  

Last Minutes Offensive
   Center                   Left Wing                Right Wing               Defense                  Defense                  
   Sean Monahan             Johnny Gaudreau          Kyle Palmieri            Mark Giordano            TJ Brodie                

Last Minutes Defensive
   Center                   Left Wing                Right Wing               Defense                  Defense                  
   Radek Faksa              Reilly Smith             Michael Frolik           Mark Giordano            TJ Brodie                

Goaltenders
Starting : Jaroslav Halak           
Backup : Mike Smith               

Extra Forwards
Normal : Sean Monahan, Kyle Palmieri, Johnny Gaudreau - PP : Sean Monahan, Kyle Palmieri - PK : Radek Faksa
Extra Defensemen
Normal : Mark Giordano, TJ Brodie, Joel Edmundson - PP : Mark Giordano - PK : Mark Giordano, Joel Edmundson
Penalty Shots
Sean Monahan, Kyle Palmieri, Reilly Smith, Johnny Gaudreau, Josh Anderson
Custom OT Lines Forwards
Sean Monahan, Johnny Gaudreau, Adam Henrique, Kyle Palmieri, Radek Faksa, Reilly Smith, Michael Frolik, Micheal Ferland, Danton Heinen, Josh Anderson
Custom OT Lines Defensemen
Mark Giordano, TJ Brodie, Joel Edmundson, Adam Pelech, Michael Stone

Scratches
Jake Gardiner (Healthy), Carter Rowney (Healthy), David Rittich (Healthy)

San Jose Sharks

5 vs 5 Forward 
   Center                   Left Wing                Right Wing               Time % Phy DF OF 
 1 Logan Couture            Clayton Keller           Marian Gaborik           30     1   2  2  
 2 Christian Dvorak         Timo Meier               Kevin Labanc             30     1   2  2  
 3 Anthony Cirelli          Tyler Ennis              Sven Baertschi           25     1   2  2  
 4 Tommy Wingels            Drew Stafford            Andre Burakovsky         15     1   2  2  

5 vs 5 Defense 
   Defense                  Defense                                           Time % Phy DF OF 
 1 Brent Burns              Travis Dermott                                    30     1   2  2  
 2 Karl Alzner              Mike Reilly                                       30     1   2  2  
 3 Joakim Ryan              Roman Polak                                       25     1   2  2  
 4 Brent Burns              Karl Alzner                                       15     1   2  2  

PowerPlay Forward 
   Center                   Left Wing                Right Wing               Time % Phy DF OF 
 1 Logan Couture            Clayton Keller           Sven Baertschi           50     1   2  2  
 2 Anthony Cirelli          Andre Burakovsky         Marian Gaborik           50     1   2  2  

PowerPlay Defense
   Defense                  Defense                                           Time % Phy DF OF 
 1 Brent Burns              Travis Dermott                                    50     1   2  2  
 2 Joakim Ryan              Mike Reilly                                       50     1   2  2  

Penalty Kill 4 Players Forward 
   Center                   Wing                     Time % Phy DF OF 
 1 Clayton Keller           Marian Gaborik           50     1   2  2  
 2 Anthony Cirelli          Sven Baertschi           50     1   2  2  

Penalty Kill 4 Players Defense
   Defense                  Defense                  Time % Phy DF OF 
 1 Karl Alzner              Travis Dermott           50     1   2  2  
 2 Mike Reilly              Joakim Ryan              50     1   2  2  

Penalty Kill - 3 Players Forward 
   Forward                                           Time % Phy DF OF 
 1 Drew Stafford                                     50     1   2  2  
 2 Tyler Ennis                                       50     1   2  2  

Penalty Kill - 3 Players Defense
   Defense                  Defense                  Time % Phy DF OF 
 1 Karl Alzner              Travis Dermott           50     1   2  2  
 2 Joakim Ryan              Mike Reilly              50     1   2  2  

4 vs 4 Forward 
   Center                   Wing                     Time % Phy DF OF 
 1 Logan Couture            Clayton Keller           50     1   2  2  
 2 Anthony Cirelli          Andre Burakovsky         50     1   2  2  

4 vs 4 Defense
   Defense                  Defense                  Time % Phy DF OF 
 1 Brent Burns              Karl Alzner              50     1   2  2  
 2 Mike Reilly              Joakim Ryan              50     1   2  2  

Last Minutes Offensive
   Center                   Left Wing                Right Wing               Defense                  Defense                  
   Logan Couture            Clayton Keller           Sven Baertschi           Brent Burns              Karl Alzner              

Last Minutes Defensive
   Center                   Left Wing                Right Wing               Defense                  Defense                  
   Logan Couture            Clayton Keller           Christian Dvorak         Brent Burns              Karl Alzner              

Goaltenders
Starting : Reto Berra               
Backup : Cam Talbot               

Extra Forwards
Normal : Clayton Keller, Sven Baertschi, Anthony Cirelli - PP : Clayton Keller, Anthony Cirelli - PK : Anthony Cirelli
Extra Defensemen
Normal : Joakim Ryan, Mike Reilly, Brent Burns - PP : Joakim Ryan - PK : Mike Reilly, Joakim Ryan
Penalty Shots
Anthony Cirelli, Clayton Keller, Andre Burakovsky, Drew Stafford, Tyler Ennis
Custom OT Lines Forwards
Sven Baertschi, Clayton Keller, Drew Stafford, Marian Gaborik, Logan Couture, Christian Dvorak, Timo Meier, Andre Burakovsky, Anthony Cirelli, Tyler Ennis
Custom OT Lines Defensemen
Brent Burns, Mike Reilly, Andre Burakovsky, Travis Dermott, Joakim Ryan

Scratches
Jimmy Hayes (Healthy), Marcus Sorensen (Healthy), Dylan Gambrell (Healthy)

% Time on Ice - Calgary Flames

Lines # - Real PCT - Wanted PCT - Time Play
Normal Forward
1 - 26% - 28% - 13:01
2 - 26% - 24% - 12:49
3 - 24% - 24% - 11:42
4 - 24% - 24% - 12:03
Normal Defense
1 - 35% - 35% - 17:22
2 - 33% - 33% - 16:24
3 - 32% - 32% - 15:49
4 - 0% - 0% - 0:00
PP Forward
1 - 45% - 52% - 1:26
2 - 55% - 48% - 1:44
PP Defense
1 - 69% - 52% - 2:11
2 - 31% - 48% - 0:59
PK Forward
1 - 46% - 50% - 3:22
2 - 54% - 50% - 3:53
PK Defense
1 - 51% - 48% - 3:43
2 - 49% - 52% - 3:32
PK3 Forward
1 - 0% - 50%
2 - 0% - 50%
PK3 Defense
1 - 0% - 48%
2 - 0% - 52%
44 Forward
1 - 0% - 48%
2 - 0% - 52%
44 Defense
1 - 0% - 48%
2 - 0% - 52%
Last Minute Offensive  - 0:00
Last Minute Defensive  - 0:00
Total
Forward - 60:00
Defense - 60:00

% Time on Ice - San Jose Sharks

Lines # - Real PCT - Wanted PCT - Time Play
Normal Forward
1 - 29% - 30% - 14:35
2 - 28% - 30% - 13:39
3 - 26% - 25% - 12:48
4 - 17% - 15% - 8:33
Normal Defense
1 - 28% - 30% - 14:00
2 - 30% - 30% - 14:50
3 - 28% - 25% - 13:52
4 - 14% - 15% - 6:53
PP Forward
1 - 54% - 50% - 3:54
2 - 46% - 50% - 3:21
PP Defense
1 - 55% - 50% - 4:00
2 - 45% - 50% - 3:15
PK Forward
1 - 59% - 50% - 1:53
2 - 41% - 50% - 1:17
PK Defense
1 - 49% - 50% - 1:33
2 - 51% - 50% - 1:37
PK3 Forward
1 - 0% - 50%
2 - 0% - 50%
PK3 Defense
1 - 0% - 50%
2 - 0% - 50%
44 Forward
1 - 0% - 50%
2 - 0% - 50%
44 Defense
1 - 0% - 50%
2 - 0% - 50%
Last Minute Offensive  - 0:00
Last Minute Defensive  - 0:00
Total
Forward - 60:00
Defense - 60:00

Play-by-Play

1st period


0:01 of 1st period - Sean Monahan wins face-off versus Clayton Keller in neutral zone.
0:10 of 1st period - Snap shot by Reilly Smith.
0:10 of 1st period - Stopped by Reto Berra without a rebound.
0:11 of 1st period - Kyle Palmieri wins face-off versus Christian Dvorak in San Jose Sharks zone.
0:12 of 1st period - Slapshot by Adam Henrique.
0:12 of 1st period - Shot Misses the Net.
0:14 of 1st period - Wrist shot by Adam Henrique.
0:14 of 1st period - Stopped by Reto Berra with a rebound.
0:16 of 1st period - Slapshot by Adam Pelech.
0:16 of 1st period - Shot Blocked by Karl Alzner.
0:18 of 1st period - Slapshot by Joel Edmundson.
0:18 of 1st period - Deflect By Kevin Labanc.
0:18 of 1st period - Stopped by Reto Berra without a rebound.
0:19 of 1st period - Christian Dvorak wins face-off versus Adam Henrique in San Jose Sharks zone.
0:34 of 1st period - Kevin Labanc is hit by Joel Edmundson and loses puck.
1:50 of 1st period - Minor Penalty to Joel Edmundson for Tripping.
1:51 of 1st period - Radek Faksa wins face-off versus Sven Baertschi in Calgary Flames zone.
2:21 of 1st period - Off-side.
2:22 of 1st period - Radek Faksa wins face-off versus Anthony Cirelli in neutral zone.
2:27 of 1st period - Anthony Cirelli is hit by Michael Frolik and loses puck.
3:50 of 1st period - Penalty to Joel Edmundson is over, Joel Edmundson is back on ice.
4:14 of 1st period - Roman Polak is hit by Adam Henrique and loses puck.
4:29 of 1st period - Roman Polak is hit by Alex Chiasson and loses puck.
4:48 of 1st period - Clayton Keller is hit by Reilly Smith.
5:14 of 1st period - Icing by Christian Dvorak.
5:15 of 1st period - Adam Henrique wins face-off versus Christian Dvorak in San Jose Sharks zone.
5:57 of 1st period - Clayton Keller is hit by Michael Frolik and loses puck.
6:16 of 1st period - Alex Chiasson is hit by Tommy Wingels and loses puck.
7:15 of 1st period - Wrist shot by Adam Henrique.
7:15 of 1st period - Stopped by Reto Berra with a rebound.
7:29 of 1st period - Adam Pelech is hit by Mike Reilly and loses puck.
8:20 of 1st period - Wrist shot by Johnny Gaudreau.
8:20 of 1st period - Shot Blocked by Anthony Cirelli.
8:22 of 1st period - Slapshot by Mark Giordano.
8:22 of 1st period - Stopped by Reto Berra without a rebound.
8:23 of 1st period - Derek Ryan wins face-off versus Logan Couture in San Jose Sharks zone.
8:35 of 1st period - Minor Penalty to Alex Chiasson for Holding.
8:36 of 1st period - Marian Gaborik wins face-off versus Radek Faksa in Calgary Flames zone.
9:00 of 1st period - Travis Dermott is hit by Michael Frolik and loses puck.
9:53 of 1st period - Wrist shot by Logan Couture.
9:53 of 1st period - Goal by Logan Couture - Calgary Flames : 0 - San Jose Sharks : 1.
9:54 of 1st period - Tommy Wingels wins face-off versus Sean Monahan in neutral zone.
9:57 of 1st period - Wrist shot by Andre Burakovsky.
9:57 of 1st period - Stopped by Jaroslav Halak without a rebound.
9:58 of 1st period - Sean Monahan wins face-off versus Tommy Wingels in Calgary Flames zone.
10:49 of 1st period - Snap shot by Radek Faksa.
10:49 of 1st period - Stopped by Reto Berra with a rebound.
10:51 of 1st period - Slapshot by Michael Stone.
10:51 of 1st period - Shot Misses the Net.
10:53 of 1st period - Snap shot by Michael Frolik.
10:53 of 1st period - Deflect By Micheal Ferland.
10:53 of 1st period - Shot Misses the Net.
10:53 of 1st period - Puck is out of play.
10:54 of 1st period - Sean Monahan wins face-off versus Anthony Cirelli in San Jose Sharks zone.
11:19 of 1st period - Clayton Keller is hit by Michael Stone and loses puck.
12:05 of 1st period - Mark Giordano is hit by Kevin Labanc and loses puck.
12:25 of 1st period - Backhand shot by Reilly Smith.
12:25 of 1st period - Stopped by Reto Berra with a rebound.
13:50 of 1st period - Snap shot by Johnny Gaudreau.
13:50 of 1st period - Shot Blocked by Brent Burns.
14:11 of 1st period - Snap shot by Andre Burakovsky.
14:11 of 1st period - Shot Blocked by Micheal Ferland.
14:29 of 1st period - Wrist shot by Christian Dvorak.
14:29 of 1st period - Shot Misses the Net.
14:31 of 1st period - Slapshot by Brent Burns.
14:31 of 1st period - Shot Misses the Net.
14:33 of 1st period - Wrist shot by Christian Dvorak.
14:33 of 1st period - Stopped by Jaroslav Halak without a rebound.
14:34 of 1st period - Marian Gaborik wins face-off versus Reilly Smith in Calgary Flames zone.
14:59 of 1st period - Adam Pelech is hit by Mike Reilly and loses puck.
15:26 of 1st period - Wrist shot by Radek Faksa.
15:26 of 1st period - Shot Misses the Net.
15:28 of 1st period - Wrist shot by Michael Frolik.
15:28 of 1st period - Stopped by Reto Berra without a rebound.
15:29 of 1st period - Logan Couture wins face-off versus Sean Monahan in San Jose Sharks zone.
15:42 of 1st period - Slapshot by Logan Couture.
15:42 of 1st period - Deflect By Marian Gaborik.
15:42 of 1st period - Stopped by Jaroslav Halak without a rebound.
15:43 of 1st period - Radek Faksa wins face-off versus Anthony Cirelli in Calgary Flames zone.
15:52 of 1st period - Anthony Cirelli is hit by Michael Frolik and loses puck.
16:29 of 1st period - Roman Polak is hit by Johnny Gaudreau.
16:49 of 1st period - Snap shot by Adam Henrique.
16:49 of 1st period - Deflect By Kyle Palmieri.
16:49 of 1st period - Stopped by Reto Berra with a rebound.
16:51 of 1st period - Slapshot by Mark Giordano.
16:51 of 1st period - Shot Blocked by Roman Polak.
16:53 of 1st period - Slapshot by Mark Giordano.
16:53 of 1st period - Shot Blocked by Andre Burakovsky.
16:55 of 1st period - Snap shot by Adam Henrique.
16:55 of 1st period - Shot Misses the Net.
17:51 of 1st period - Slapshot by Josh Anderson.
17:51 of 1st period - Stopped by Reto Berra with a rebound.
18:07 of 1st period - Snap shot by Kyle Palmieri.
18:07 of 1st period - Stopped by Reto Berra without a rebound.
18:08 of 1st period - Tommy Wingels wins face-off versus Adam Henrique in San Jose Sharks zone.
18:08 of 1st period - Tommy Wingels is hit by Danton Heinen.
18:44 of 1st period - Wrist shot by Michael Frolik.
18:44 of 1st period - Stopped by Reto Berra with a rebound.
Goals for this period are 0 for Calgary Flames vs 1 for San Jose Sharks.
Shots for this period are 12 for Calgary Flames vs 4 for San Jose Sharks.

2nd period


0:01 of 2nd period - Derek Ryan wins face-off versus Anthony Cirelli in neutral zone.
0:24 of 2nd period - Reilly Smith is hit by Clayton Keller and loses puck.
0:33 of 2nd period - Snap shot by Marian Gaborik.
0:33 of 2nd period - Stopped by Jaroslav Halak without a rebound.
0:34 of 2nd period - Radek Faksa wins face-off versus Anthony Cirelli in Calgary Flames zone.
1:04 of 2nd period - Slapshot by Logan Couture.
1:04 of 2nd period - Shot Misses the Net.
1:16 of 2nd period - Minor Penalty to Kevin Labanc for Goalie Interference.
1:17 of 2nd period - Sean Monahan wins face-off versus Clayton Keller in San Jose Sharks zone.
2:04 of 2nd period - Mike Reilly is hit by Adam Henrique and loses puck.
2:21 of 2nd period - Snap shot by Adam Henrique.
2:21 of 2nd period - Goal by Adam Henrique - Calgary Flames : 1 - San Jose Sharks : 1.
2:22 of 2nd period - Logan Couture wins face-off versus Adam Henrique in neutral zone.
2:29 of 2nd period - Wrist shot by Logan Couture.
2:29 of 2nd period - Shot Misses the Net.
2:50 of 2nd period - Snap shot by Anthony Cirelli.
2:50 of 2nd period - Deflect By Tyler Ennis.
2:50 of 2nd period - Stopped by Jaroslav Halak without a rebound.
2:51 of 2nd period - Anthony Cirelli wins face-off versus Radek Faksa in Calgary Flames zone.
3:18 of 2nd period - Slapshot by Reilly Smith.
3:18 of 2nd period - Shot Misses the Net.
3:20 of 2nd period - Slapshot by Mark Giordano.
3:20 of 2nd period - Stopped by Reto Berra without a rebound.
3:21 of 2nd period - Derek Ryan wins face-off versus Logan Couture in San Jose Sharks zone.
3:30 of 2nd period - Josh Anderson is hit by Marian Gaborik and loses puck.
3:49 of 2nd period - Snap shot by Clayton Keller.
3:49 of 2nd period - Stopped by Jaroslav Halak with a rebound.
3:51 of 2nd period - Wrist shot by Clayton Keller.
3:51 of 2nd period - Stopped by Jaroslav Halak without a rebound.
3:52 of 2nd period - Christian Dvorak wins face-off versus Sean Monahan in Calgary Flames zone.
3:59 of 2nd period - Snap shot by Christian Dvorak.
3:59 of 2nd period - Stopped by Jaroslav Halak without a rebound.
4:00 of 2nd period - Sean Monahan wins face-off versus Christian Dvorak in Calgary Flames zone.
5:01 of 2nd period - Logan Couture is hit by Michael Stone and loses puck.
5:34 of 2nd period - Slapshot by Logan Couture.
5:34 of 2nd period - Stopped by Jaroslav Halak with a rebound.
5:36 of 2nd period - Snap shot by Joakim Ryan.
5:36 of 2nd period - Deflect By Clayton Keller.
5:36 of 2nd period - Stopped by Jaroslav Halak without a rebound.
5:37 of 2nd period - Radek Faksa wins face-off versus Christian Dvorak in Calgary Flames zone.
6:02 of 2nd period - Adam Pelech is hit by Anthony Cirelli and loses puck.
6:23 of 2nd period - Snap shot by Derek Ryan.
6:23 of 2nd period - Stopped by Reto Berra without a rebound.
6:24 of 2nd period - Tommy Wingels wins face-off versus Derek Ryan in San Jose Sharks zone.
6:49 of 2nd period - Alex Chiasson is hit by Tommy Wingels and loses puck.
7:02 of 2nd period - Slapshot by Drew Stafford.
7:02 of 2nd period - Stopped by Jaroslav Halak without a rebound.
7:03 of 2nd period - Christian Dvorak wins face-off versus Sean Monahan in Calgary Flames zone.
7:50 of 2nd period - TJ Brodie is hit by Clayton Keller and loses puck.
8:17 of 2nd period - Alex Chiasson is hit by Timo Meier and loses puck.
8:24 of 2nd period - Michael Stone is hit by Kevin Labanc and loses puck.
8:45 of 2nd period - Snap shot by Reilly Smith.
8:45 of 2nd period - Stopped by Reto Berra without a rebound.
8:46 of 2nd period - Radek Faksa wins face-off versus Anthony Cirelli in San Jose Sharks zone.
8:51 of 2nd period - Snap shot by Micheal Ferland.
8:51 of 2nd period - Stopped by Reto Berra without a rebound.
8:52 of 2nd period - Radek Faksa wins face-off versus Anthony Cirelli in San Jose Sharks zone.
9:27 of 2nd period - Slapshot by Christian Dvorak.
9:27 of 2nd period - Shot Misses the Net.
10:03 of 2nd period - Andre Burakovsky is hit by Josh Anderson.
10:07 of 2nd period - Wrist shot by Derek Ryan.
10:07 of 2nd period - Stopped by Reto Berra with a rebound.
10:37 of 2nd period - Mike Reilly is hit by Johnny Gaudreau and loses puck.
11:26 of 2nd period - Snap shot by Andre Burakovsky.
11:26 of 2nd period - Shot Blocked by Joel Edmundson.
11:52 of 2nd period - Tyler Ennis is hit by Reilly Smith and loses puck.
12:16 of 2nd period - Slapshot by Tyler Ennis.
12:16 of 2nd period - Shot Misses the Net.
12:18 of 2nd period - Snap shot by Tyler Ennis.
12:18 of 2nd period - Shot Blocked by Kyle Palmieri.
12:20 of 2nd period - Snap shot by Tyler Ennis.
12:20 of 2nd period - Stopped by Jaroslav Halak without a rebound.
12:21 of 2nd period - Christian Dvorak wins face-off versus Radek Faksa in Calgary Flames zone.
12:22 of 2nd period - Snap shot by Kevin Labanc.
12:22 of 2nd period - Shot Blocked by TJ Brodie.
12:24 of 2nd period - Slapshot by Kevin Labanc.
12:24 of 2nd period - Shot Blocked by Mark Giordano.
12:26 of 2nd period - Snap shot by Christian Dvorak.
12:26 of 2nd period - Deflect By Timo Meier.
12:26 of 2nd period - Shot Blocked by TJ Brodie.
12:26 of 2nd period - Puck is out of play.
12:27 of 2nd period - Christian Dvorak wins face-off versus Radek Faksa in Calgary Flames zone.
12:34 of 2nd period - Slapshot by Kevin Labanc.
12:34 of 2nd period - Shot Misses the Net.
12:36 of 2nd period - Slapshot by Karl Alzner.
12:36 of 2nd period - Shot Blocked by TJ Brodie.
12:54 of 2nd period - Radek Faksa is hit by Tommy Wingels and loses puck.
13:09 of 2nd period - Snap shot by Michael Frolik.
13:09 of 2nd period - Shot Misses the Net.
13:30 of 2nd period - Wrist shot by Michael Frolik.
13:30 of 2nd period - Goal by Michael Frolik - Calgary Flames : 2 - San Jose Sharks : 1.
13:31 of 2nd period - Logan Couture wins face-off versus Sean Monahan in neutral zone.
13:40 of 2nd period - Wrist shot by Logan Couture.
13:40 of 2nd period - Deflect By Marian Gaborik.
13:40 of 2nd period - Stopped by Jaroslav Halak with a rebound.
13:42 of 2nd period - Slapshot by Karl Alzner.
13:42 of 2nd period - Deflect By Sean Monahan.
13:42 of 2nd period - Stopped by Jaroslav Halak without a rebound.
13:43 of 2nd period - Christian Dvorak wins face-off versus Derek Ryan in Calgary Flames zone.
13:47 of 2nd period - Icing by Joel Edmundson.
13:48 of 2nd period - Josh Anderson wins face-off versus Christian Dvorak in Calgary Flames zone.
14:10 of 2nd period - Icing by Joel Edmundson.
14:11 of 2nd period - Derek Ryan wins face-off versus Clayton Keller in Calgary Flames zone.
14:11 of 2nd period - Derek Ryan is hit by Logan Couture.
14:27 of 2nd period - Snap shot by Sean Monahan.
14:27 of 2nd period - Deflect By Johnny Gaudreau.
14:27 of 2nd period - Shot Misses the Net.
14:27 of 2nd period - Puck is out of play.
14:28 of 2nd period - Adam Henrique wins face-off versus Christian Dvorak in San Jose Sharks zone.
14:40 of 2nd period - Christian Dvorak is hit by Kyle Palmieri and loses puck.
14:55 of 2nd period - Reilly Smith is hit by Logan Couture and loses puck.
15:04 of 2nd period - Backhand shot by Sean Monahan.
15:04 of 2nd period - Shot Misses the Net.
15:22 of 2nd period - Snap shot by Sven Baertschi.
15:22 of 2nd period - Shot Misses the Net.
15:24 of 2nd period - Slapshot by Roman Polak.
15:24 of 2nd period - Shot Misses the Net.
15:26 of 2nd period - Slapshot by Roman Polak.
15:26 of 2nd period - Deflect By Michael Frolik.
15:26 of 2nd period - Stopped by Jaroslav Halak with a rebound.
15:28 of 2nd period - Wrist shot by Tyler Ennis.
15:28 of 2nd period - Goal by Tyler Ennis - Calgary Flames : 2 - San Jose Sharks : 2.
15:29 of 2nd period - Sean Monahan wins face-off versus Christian Dvorak in neutral zone.
15:29 of 2nd period - Sean Monahan is hit by Kevin Labanc.
15:58 of 2nd period - Backhand shot by Clayton Keller.
15:58 of 2nd period - Goal by Clayton Keller - Calgary Flames : 2 - San Jose Sharks : 3.
15:59 of 2nd period - Derek Ryan wins face-off versus Anthony Cirelli in neutral zone.
16:02 of 2nd period - Snap shot by Josh Anderson.
16:02 of 2nd period - Stopped by Reto Berra without a rebound.
16:03 of 2nd period - Anthony Cirelli wins face-off versus Derek Ryan in San Jose Sharks zone.
16:16 of 2nd period - Slapshot by Anthony Cirelli.
16:16 of 2nd period - Shot Blocked by Derek Ryan.
16:18 of 2nd period - Snap shot by Tyler Ennis.
16:18 of 2nd period - Shot Misses the Net.
16:30 of 2nd period - Wrist shot by Adam Henrique.
16:30 of 2nd period - Stopped by Reto Berra with a rebound.
16:34 of 2nd period - Wrist shot by Danton Heinen.
16:34 of 2nd period - Stopped by Reto Berra without a rebound.
16:35 of 2nd period - Adam Henrique wins face-off versus Christian Dvorak in San Jose Sharks zone.
16:44 of 2nd period - Snap shot by Timo Meier.
16:44 of 2nd period - Stopped by Jaroslav Halak without a rebound.
16:45 of 2nd period - Christian Dvorak wins face-off versus Sean Monahan in Calgary Flames zone.
16:54 of 2nd period - Wrist shot by Christian Dvorak.
16:54 of 2nd period - Shot Misses the Net.
16:56 of 2nd period - Snap shot by Christian Dvorak.
16:56 of 2nd period - Stopped by Jaroslav Halak with a rebound.
16:58 of 2nd period - Slapshot by Travis Dermott.
16:58 of 2nd period - Stopped by Jaroslav Halak without a rebound.
16:59 of 2nd period - Logan Couture wins face-off versus Alex Chiasson in Calgary Flames zone.
17:06 of 2nd period - Snap shot by Clayton Keller.
17:06 of 2nd period - Stopped by Jaroslav Halak without a rebound.
17:07 of 2nd period - Derek Ryan wins face-off versus Logan Couture in Calgary Flames zone.
17:16 of 2nd period - Wrist shot by Alex Chiasson.
17:16 of 2nd period - Shot Blocked by Clayton Keller.
18:13 of 2nd period - Minor Penalty to Andre Burakovsky for Roughing.
18:14 of 2nd period - Sean Monahan wins face-off versus Anthony Cirelli in San Jose Sharks zone.
18:19 of 2nd period - Slapshot by Johnny Gaudreau.
18:19 of 2nd period - Goal by Johnny Gaudreau - Calgary Flames : 3 - San Jose Sharks : 3.
18:20 of 2nd period - Logan Couture wins face-off versus Sean Monahan in neutral zone.
18:33 of 2nd period - Wrist shot by Johnny Gaudreau.
18:33 of 2nd period - Shot Misses the Net.
18:35 of 2nd period - Slapshot by Sean Monahan.
18:35 of 2nd period - Shot Blocked by Brent Burns.
18:45 of 2nd period - Mark Giordano is hit by Tyler Ennis and loses puck.
19:02 of 2nd period - Minor Penalty to Michael Frolik for Tripping.
19:03 of 2nd period - Radek Faksa wins face-off versus Anthony Cirelli in Calgary Flames zone.
Goals for this period are 3 for Calgary Flames vs 2 for San Jose Sharks.
Shots for this period are 11 for Calgary Flames vs 18 for San Jose Sharks.

3rd period


0:01 of 3rd period - Radek Faksa wins face-off versus Anthony Cirelli in neutral zone.
0:14 of 3rd period - Wrist shot by Anthony Cirelli.
0:14 of 3rd period - Shot Blocked by Adam Pelech.
1:02 of 3rd period - Penalty to Michael Frolik is over, Michael Frolik is back on ice.
1:33 of 3rd period - Slapshot by Brent Burns.
1:33 of 3rd period - Stopped by Jaroslav Halak without a rebound.
1:34 of 3rd period - Sean Monahan wins face-off versus Tommy Wingels in Calgary Flames zone.
1:42 of 3rd period - Slapshot by Johnny Gaudreau.
1:42 of 3rd period - Shot Misses the Net.
1:44 of 3rd period - Wrist shot by Johnny Gaudreau.
1:44 of 3rd period - Shot Blocked by Mike Reilly.
1:46 of 3rd period - Slapshot by Adam Pelech.
1:46 of 3rd period - Stopped by Reto Berra without a rebound.
1:47 of 3rd period - Logan Couture wins face-off versus Josh Anderson in San Jose Sharks zone.
2:00 of 3rd period - Snap shot by Clayton Keller.
2:00 of 3rd period - Stopped by Jaroslav Halak with a rebound.
2:57 of 3rd period - Colin Miller is hit by Tyler Ennis and loses puck.
3:06 of 3rd period - Brent Burns is hit by Kyle Palmieri and loses puck.
3:27 of 3rd period - Slapshot by Sven Baertschi.
3:27 of 3rd period - Stopped by Jaroslav Halak without a rebound.
3:28 of 3rd period - Christian Dvorak wins face-off versus Micheal Ferland in Calgary Flames zone.
3:39 of 3rd period - Snap shot by Michael Frolik.
3:39 of 3rd period - Stopped by Reto Berra without a rebound.
3:40 of 3rd period - Logan Couture wins face-off versus Derek Ryan in San Jose Sharks zone.
3:51 of 3rd period - Slapshot by Clayton Keller.
3:51 of 3rd period - Shot Misses the Net.
3:53 of 3rd period - Snap shot by Logan Couture.
3:53 of 3rd period - Stopped by Jaroslav Halak without a rebound.
3:54 of 3rd period - Christian Dvorak wins face-off versus Sean Monahan in Calgary Flames zone.
4:15 of 3rd period - Minor Penalty to Reilly Smith for High sticking.
4:16 of 3rd period - Logan Couture wins face-off versus Radek Faksa in Calgary Flames zone.
6:02 of 3rd period - Travis Dermott is hit by Adam Pelech and loses puck.
6:11 of 3rd period - Alex Chiasson is hit by Tyler Ennis.
6:15 of 3rd period - Penalty to Reilly Smith is over, Reilly Smith is back on ice.
6:29 of 3rd period - Reilly Smith is hit by Kevin Labanc.
6:43 of 3rd period - Snap shot by Danton Heinen.
6:43 of 3rd period - Shot Misses the Net.
7:09 of 3rd period - Slapshot by Joakim Ryan.
7:09 of 3rd period - Stopped by Jaroslav Halak with a rebound.
7:35 of 3rd period - Kevin Labanc is hit by Colin Miller and loses puck.
8:01 of 3rd period - Brent Burns is hit by Colin Miller.
8:15 of 3rd period - Karl Alzner is hit by Reilly Smith and loses puck.
8:19 of 3rd period - Icing by Karl Alzner.
8:20 of 3rd period - Tommy Wingels wins face-off versus Derek Ryan in San Jose Sharks zone.
8:20 of 3rd period - Tommy Wingels is hit by Colin Miller.
8:54 of 3rd period - Danton Heinen is hit by Timo Meier and loses puck.
9:50 of 3rd period - Sven Baertschi is hit by Reilly Smith and loses puck.
9:55 of 3rd period - Slapshot by Sean Monahan.
9:55 of 3rd period - Shot Misses the Net.
9:57 of 3rd period - Slapshot by Reilly Smith.
9:57 of 3rd period - Shot Blocked by Karl Alzner.
10:13 of 3rd period - Clayton Keller is hit by Derek Ryan and loses puck.
10:22 of 3rd period - Wrist shot by Clayton Keller.
10:22 of 3rd period - Stopped by Jaroslav Halak without a rebound.
10:23 of 3rd period - Radek Faksa wins face-off versus Christian Dvorak in Calgary Flames zone.
10:36 of 3rd period - Slapshot by Michael Frolik.
10:36 of 3rd period - Stopped by Reto Berra without a rebound.
10:37 of 3rd period - Derek Ryan wins face-off versus Logan Couture in San Jose Sharks zone.
11:09 of 3rd period - Slapshot by Christian Dvorak.
11:09 of 3rd period - Deflect By Timo Meier.
11:09 of 3rd period - Shot Misses the Net.
11:09 of 3rd period - Puck is out of play.
11:10 of 3rd period - Anthony Cirelli wins face-off versus Radek Faksa in Calgary Flames zone.
11:36 of 3rd period - Minor Penalty to Marian Gaborik for Hooking.
11:37 of 3rd period - Sean Monahan wins face-off versus Anthony Cirelli in San Jose Sharks zone.
13:36 of 3rd period - Penalty to Marian Gaborik is over, Marian Gaborik is back on ice.
13:39 of 3rd period - Wrist shot by Sven Baertschi.
13:39 of 3rd period - Stopped by Jaroslav Halak with a rebound.
13:44 of 3rd period - Off-side.
13:45 of 3rd period - Radek Faksa wins face-off versus Christian Dvorak in neutral zone.
13:58 of 3rd period - Michael Frolik is hit by Kevin Labanc and loses puck.
14:34 of 3rd period - Mark Giordano is hit by Karl Alzner and loses puck.
14:58 of 3rd period - Slapshot by Derek Ryan.
14:58 of 3rd period - Shot Misses the Net.
15:00 of 3rd period - Snap shot by Derek Ryan.
15:00 of 3rd period - Stopped by Reto Berra without a rebound.
15:01 of 3rd period - Radek Faksa wins face-off versus Anthony Cirelli in San Jose Sharks zone.
15:16 of 3rd period - Snap shot by Michael Frolik.
15:16 of 3rd period - Shot Misses the Net.
16:34 of 3rd period - Snap shot by Alex Chiasson.
16:34 of 3rd period - Deflect By Derek Ryan.
16:34 of 3rd period - Stopped by Reto Berra without a rebound.
16:35 of 3rd period - Christian Dvorak wins face-off versus Derek Ryan in San Jose Sharks zone.
16:43 of 3rd period - Off-side.
16:44 of 3rd period - Derek Ryan wins face-off versus Anthony Cirelli in neutral zone.
17:09 of 3rd period - Slapshot by Karl Alzner.
17:09 of 3rd period - Stopped by Jaroslav Halak with a rebound.
17:32 of 3rd period - Slapshot by Johnny Gaudreau.
17:32 of 3rd period - Shot Blocked by Karl Alzner.
17:34 of 3rd period - Snap shot by Sean Monahan.
17:34 of 3rd period - Stopped by Reto Berra without a rebound.
17:35 of 3rd period - Derek Ryan wins face-off versus Anthony Cirelli in San Jose Sharks zone.
18:23 of 3rd period - Wrist shot by Kyle Palmieri.
18:23 of 3rd period - Stopped by Reto Berra without a rebound.
18:24 of 3rd period - Adam Henrique wins face-off versus Logan Couture in San Jose Sharks zone.
18:42 of 3rd period - Icing by Logan Couture.
18:43 of 3rd period - Logan Couture wins face-off versus Derek Ryan in San Jose Sharks zone.
19:24 of 3rd period - Danton Heinen is hit by Marian Gaborik and loses puck.
19:33 of 3rd period - Wrist shot by Clayton Keller.
19:33 of 3rd period - Shot Misses the Net.
19:35 of 3rd period - Snap shot by Clayton Keller.
19:35 of 3rd period - Stopped by Jaroslav Halak without a rebound.
19:36 of 3rd period - Sven Baertschi wins face-off versus Derek Ryan in Calgary Flames zone.
19:37 of 3rd period - Wrist shot by Andre Burakovsky.
19:37 of 3rd period - Shot Blocked by Joel Edmundson.
Goals for this period are 0 for Calgary Flames vs 0 for San Jose Sharks.
Shots for this period are 7 for Calgary Flames vs 9 for San Jose Sharks.

Overtime #1


0:01 of 1st overtime period - Sean Monahan wins face-off versus Clayton Keller in neutral zone.
0:08 of 1st overtime period - Wrist shot by Johnny Gaudreau.
0:08 of 1st overtime period - Shot Misses the Net.
0:26 of 1st overtime period - Brent Burns is hit by Kyle Palmieri and loses puck.
2:10 of 1st overtime period - Icing by Andre Burakovsky.
2:11 of 1st overtime period - Drew Stafford wins face-off versus Adam Henrique in San Jose Sharks zone.
2:22 of 1st overtime period - Wrist shot by Drew Stafford.
2:22 of 1st overtime period - Goal by Drew Stafford - Calgary Flames : 3 - San Jose Sharks : 4.
Goals for this period are 0 for Calgary Flames vs 1 for San Jose Sharks.
Shots for this period are 0 for Calgary Flames vs 1 for San Jose Sharks.